 Dungeon Crawl Stone Soup version 0.30-a0-845-g7c6808c8ce (webtiles) character file.

Game seed: 16791987355767454689

378857 Bnni the Sensei (level 22, -21/286 HPs)
             Began as a Naga Transmuter on Mar 3, 2023.
             Was the Champion of Cheibriados.
             Demolished by Grunn
             ... wielding a +5 glaive of draining
              (68 damage)
             ... on level 4 of the Depths.
             The game lasted 02:26:08 (51624 turns).

Bnni the Sensei (Naga Transmuter)                  Turns: 51624, Time: 02:26:09

Health: -21/286    AC: 31    Str: 28    XL:     22   Next: 84%
Magic:  0/43       EV: 25    Int: 39    God:    Cheibriados [******]
Gold:   3314       SH: 17    Dex: 31    Spells: 6/38 levels left

rFire   + + .      SeeInvis +      - Unarmed
rCold   + + .      Faith    .    z - +1 buckler {rN+}
rNeg    + + +      Spirit   +    D - melded +5 ring mail "Vaikkan" {Will- rCorr Str-2 Int+6}
rPois   ∞          Reflect  .    A - +0 hat of Ocaip {Slay+3}
rElec   +          Rampage  .    O - scarf {rC+ rF+}
rCorr   .                        q - melded +0 pair of gloves
Will    ++...                    Q - melded +0 barding
Stlth   +++++                    i - brooch of Shielding {Spirit SH+8}
HPRegen 0.67/turn                C - ring of the Octopus King {HP+2 MP+9 AC+2 EV+2 SH+2}
MPRegen 0.28/turn                s - ring of Vialex {rPois rF+ rC+ rN+ Int+4}

@: about to teleport, statue-form, wereblooded, doom-hounded, slightly
contaminated, studying Dodging, very slow
A: slow and powerful, torment resistance 1, boosted hp, AC +7, large, see
invisible, deformed body, poison resistance, (slowness 2), spit poison 1, naga
tail 2, horns 1, stinger 1
}: 2/15 runes: barnacled, gossamer
a: Spit Poison, End Transformation, Renounce Religion, Bend Time, Temporal
Distortion, Slouch, Step From Time


You were on level 4 of the Depths.
You worshipped Cheibriados.
Cheibriados was exalted by your worship.
You were a living statue of rough stone.
You visited 9 branches of the dungeon, and saw 42 of its levels.
You also visited: Bailey and Volcano.

You collected 7137 gold pieces.
You spent 3823 gold pieces at shops.

Inventory:

Missiles
 x - 7 throwing nets
 L - 7 curare-tipped darts
Armour
 q - a +0 pair of gloves (melded)
 z - a +1 buckler of positive energy (worn)
 A - the +0 hat of Ocaip (worn) {Slay+3}
   (You found it on level 1 of the Lair of Beasts)

   Slay:      It affects your accuracy & damage with ranged weapons and melee
   (+3).
 D - the +5 ring mail "Vaikkan" (melded) {Will- rCorr Str-2 Int+6}
   (You found it in a bailey)

   Str:       It affects your strength (-2).
   Int:       It affects your intelligence (+6).
   rCorr:     It protects you from acid and corrosion.
   Will:      It decreases your willpower.
 O - a scarf of resistance (worn)
 Q - a +0 barding (melded)
Jewellery
 c - the amulet "Vozou" {+Inv Regen+ Int+3 Slay+2}
   (You acquired it on level 1 of the Shoals)

   [amulet of regeneration]

   Int:       It affects your intelligence (+3).
   Slay:      It affects your accuracy & damage with ranged weapons and melee
   (+2).
   +Inv:      It lets you turn invisible.
   Regen:     It increases your rate of health regeneration.
 h - a ring of positive energy
 i - the brooch of Shielding (around neck) {Spirit SH+8}
   (You found it on level 3 of the Vaults)

   [amulet of guardian spirit]

   It causes incoming damage to be divided between your reserves of health and
   magic.
   SH:        It affects your SH (+8).
 s - the ring of Vialex (right fist) {rPois rF+ rC+ rN+ Int+4}
   (You bought it in a shop on level 2 of the Orcish Mines)

   [ring of protection from fire]

   Int:       It affects your intelligence (+4).
   rF:        It protects you from fire.
   rC:        It protects you from cold.
   rPois:     It protects you from poison.
   rN:        It protects you from negative energy.
 C - a ring of the Octopus King (left fist) {HP+2 MP+9 AC+2 EV+2 SH+2}
   (You bought it in a shop on level 3 of the Vaults)

   [ring of magical power]

   AC:        It affects your AC (+2).
   EV:        It affects your evasion (+2).
   HP:        It affects your health (+2).
   MP:        It affects your magic capacity (+9).
   SH:        It affects your SH (+2).
 G - a ring of positive energy
 R - a ring of fire
 X - a +6 ring of dexterity
Wands
 e - a wand of digging (9)
 t - a wand of acid (25)
 y - a wand of mindburst (29)
 B - a wand of paralysis (5)
 M - a wand of iceblast (22)
 T - a wand of flame (35)
Scrolls
 d - 5 scrolls of summoning
 g - 18 scrolls of teleportation
 k - 9 scrolls of fog
 l - 4 scrolls of immolation
 r - 2 scrolls of blinking
 v - 3 scrolls of silence
 w - 17 scrolls of identify
 E - 4 scrolls of amnesia
 F - 4 scrolls of enchant armour
 H - 6 scrolls of poison
 I - 7 scrolls of vulnerability
 U - 5 scrolls of fear
 V - 2 scrolls of magic mapping
Potions
 a - 5 potions of cancellation
 b - 8 potions of lignification
 f - 10 potions of heal wounds
 j - 10 potions of might
 m - 9 potions of attraction
 n - 8 potions of flight
 o - 6 potions of ambrosia
 p - 14 potions of curing
 u - 9 potions of brilliance
 J - 3 potions of berserk rage
 K - 3 potions of mutation
 N - 4 potions of resistance
 P - a potion of invisibility
 S - 3 potions of magic
Miscellaneous
 W - a phial of floods


   Skills:
 + Level 17.2 Fighting
 - Level 2.0 Armour
 + Level 12.7 Dodging
 - Level 10.0 Stealth
 - Level 2.0 Shields
 * Level 23.9 Unarmed Combat
 + Level 8.7 Spellcasting
 - Level 5.0 Translocations
 + Level 17.6 Transmutations
 - Level 5.0 Air Magic
 - Level 13.0 Invocations


You had 6 spell levels left.
You knew the following spells:

 Your Spells              Type           Power      Damage    Failure   Level
a - Irradiate             Conj/Tmut      36%        3d23      1%          5
b - Vhi's Electric Charg  Tloc/Air       100%       N/A       1%          3
c - Lesser Beckoning      Tloc           100%       N/A       1%          2
d - Ice Form              Ice/Tmut       72%        N/A       1%          4
e - Statue Form           Tmut/Erth      48%        N/A       11%         6
f - Blade Hands           Tmut           50%        N/A       1%          5
g - Manifold Assault      Tloc           54%        N/A       3%          4
w - Wereblood             Tmut           100%       N/A       0%          2
z - Apportation           Tloc           100%       N/A       1%          1

Your spell library contained the following spells:

 Spells                   Type           Power      Damage    Failure   Level
 Beastly Appendage        Tmut           100%       N/A       0%          1
 Gell's Gravitas          Tloc           54%        N/A       1%          3
 Spider Form              Tmut/Pois      72%        N/A       1%          3
 Teleport Other           Tloc           54%        N/A       1%          3
 Petrify                  Tmut/Erth      72%        N/A       1%          4
 Alistair's Intoxication  Tmut/Pois      48%        N/A       1%          5
 Foxfire                  Conj/Fire      68%        2x1d7     2%          1
 Portal Projectile        Hex/Tloc       72%        N/A       2%          3
 Passage of Golubria      Tloc           54%        N/A       3%          4
 Sublimation of Blood     Necr           17%        N/A       4%          2
 Dazzling Flash           Conj/Hex       34%        N/A       8%          3
 Frozen Ramparts          Ice            34%        1d6       8%          3
 Inner Flame              Hex/Fire       17%        N/A       8%          3
 Tukima's Dance           Hex            17%        N/A       8%          3
 Iskenderun's Mystic Bla  Conj/Tloc      36%        2d9       10%         4
 Cause Fear               Hex            8%         N/A       26%         4
 Summon Ice Beast         Ice/Summ       17%        N/A       26%         4
 Arcjolt                  Conj/Air       18%        1d28      26%         5
 Silence                  Hex/Air        18%        N/A       26%         5
 Dispersal                Tloc           27%        N/A       45%         6
 Agony                    Necr           17%        N/A       58%         5
 Fireball                 Conj/Fire      8%         3d6       58%         5
 Iskenderun's Battlesphe  Conj           17%        2d7       58%         5
 Metabolic Englaciation   Hex/Ice        8%         N/A       58%         5
 Conjure Ball Lightning   Conj/Air       18%        3x3d6     82%         6
 Starburst                Conj/Fire      8%         6d4       99%         6
 Necromutation            Tmut/Necr      36%        N/A       99%         8
 Malign Gateway           Summ/Tloc      18%        N/A       100%        7
 Orb of Destruction       Conj           8%         9d6       100%        7
 Borgnjor's Revivificati  Necr           8%         N/A       100%        8
 Discord                  Hex            8%         N/A       100%        8
 Disjunction              Tloc           27%        N/A       100%        8
 Lehudib's Crystal Spear  Conj/Erth      8%         10d4      100%        8
 Maxwell's Capacitive Co  Air            27%        ∞         100%        8
 Summon Horrible Things   Summ           8%         N/A       100%        8
 Death's Door             Necr           8%         N/A       100%        9


Dungeon Overview and Level Annotations

Branches:
Dungeon (15/15)            Temple (1/1) D:4            Lair (5/5) D:8
 Shoals (4/4) Lair:3       Spider (4/4) Lair:3        Slime (3/5) Lair:5
    Orc (2/2) D:12            Elf (0/3) Orc:2        Vaults (4/5) D:14
  Crypt (0/3) Vaults:3     Depths (4/4) D:15         Bailey (visited)
Volcano (visited)
    Zot: Depths:4

Altars:
Ashenzari
Cheibriados
Dithmenos
Elyvilon
Fedhas
Gozag
Hepliaklqana
Kikubaaqudgha
Makhleb
Nemelex Xobeh
Okawaru
Qazlal
Ru
Sif Muna
Trog
Uskayaw
Vehumet
Wu Jian
Xom
Yredelemnul
Zin
The Shining One
Jiyva
Lugonu

Shops:
D:9 [   Orc:1 ?   Orc:2 (=!=   Shoals:1 *   Shoals:4 *   Vaults:3 ?(=
Depths:1 *[*

Portals:
Hell: Lair:5 Depths:1 Depths:2 Depths:3
Abyss: D:10 Depths:1* Depths:3
Pandemonium: Depths:2
Ziggurat: Depths:2

Annotations:
D:10 4 transporters
Depths:4 Grunn


Innate Abilities, Weirdness & Mutations

You are a living statue of rough stone.
Your actions are slow, but your melee attacks are powerful.
You are resistant to unholy torment.
Your maximum health is greatly increased.
Your equipment is partially melded.
((Your serpentine skin is tough. (AC +7)))
You have supernaturally acute eyesight. (SInv)
Armour fits poorly on your strangely shaped body.
Your system is resistant to poisons. (rPois)
((You cover ground very slowly.))
You can spit poison.
You can use your snake-like lower body to constrict enemies.
You have a pair of small horns on your head.
Your tail ends in a venomous barb.


Message History

The bolt of negative energy hits you but does no damage.
You resist.
The bolt of negative energy hits the tormentor.
The tormentor completely resists.
The tormentor calls on the powers of darkness!
Your body is wracked with pain!
The shadow dragon convulses!
The red very ugly thing convulses!
The white very ugly thing convulses!
The sphinx convulses!
The stone giant convulses!
The salamander mystic convulses!
The salamander convulses! x2
The white draconian convulses!
The hell knight convulses!
The tengu reaver convulses!
The black draconian knight convulses!
The salamander convulses!
The purple draconian convulses!
The spark wasp convulses!
The salamander hits you but does no damage.
The tengu reaver hits you from afar with a +0 bardiche!
* * * LOW HITPOINT WARNING * * *
The red very ugly thing pecks you but does no damage.
Grunn hits you but does no damage. The salamander barely misses you.
You squash the doom hound like an ant!!!
You grab the doom hound.
The doom hound is heavily wounded.
You constrict the doom hound.
You hear a deafening roar!
You hear a roar!
The black draconian knight hits you but does no damage.
You block the doom hound's attack. The doom hound claws you!!
* * * LOW HITPOINT WARNING * * *
The sphinx hits you but does no damage. x2; You block the sphinx's attack.
The salamander mystic hits you but does no damage.
You block the stone giant's attack.
The black draconian knight hits you from afar with a +1 halberd!!
* * * LOW HITPOINT WARNING * * *
The salamander closely misses you. The salamander completely misses you.
The white very ugly thing misses you. You block the tengu reaver's attack.
The shadow dragon bites you.
* * * LOW HITPOINT WARNING * * *
The shadow dragon closely misses you. The shadow dragon misses you.
The doom hound completely misses you.
The doom hound claws you but does no damage.
Grunn hits you from afar with a +5 glaive of draining!!!
You die...

.......
.........
....D...####
........#..###
..(.D§§§§.<..#
....≈W§y....##
.....NqQgd.##
....)NNHhd.##
.....ND82...#
##....Cuup..#
#.......#...#
#....##.#####
#...# ### ....
##. #


You could see Grunn (strong), a shadow dragon (slow), a black draconian knight
(fast, invisible), a doom hound (can howl), 2 very ugly things, a purple
draconian, a white draconian, a sphinx (slow), a stone giant (slow), a tengu
reaver, a spark wasp, a hell knight (fast), a salamander mystic (slow), 3
salamanders, a flayed ghost and a tormentor.

Vanquished Creatures
  An ancient lich (Depths:2)
  Mara (Spider:4)
  Vv (Depths:2)
  Arachne (Spider:2)
  2 doom hounds (Depths:4)
  Mlioglotl (Spider:4)
  Rupert (D:13)
  A walking earthen tome (Depths:2)
  A lich (Depths:2)
  2 krakens (Shoals:3)
  3 titans
  Frances (D:13)
  4 acid blobs
  A sphinx (Depths:2)
  6 tengu reavers
  Roxanne (D:15)
  Agnes (D:15)
  4 azure jellies
  A storm dragon (Depths:2)
  4 fire giants
  A rockslime (Slime:2)
  7 emperor scorpions
  Ilsuiw (Shoals:4)
  5 frost giants
  Aizul (Spider:3)
  4 deep elf sorcerers
  5 ghost moths
  7 vault wardens
  A curse skull (Vaults:3)
  Louise (Spider:2)
  7 ironbound preservers
  33 very ugly things
  5 ironbound thunderhulks
  3 broodmothers
  7 stone giants
  The ghost of Buttudaq the Transmogrifier, a journeyman DgTm (Lair:4)
  Nessos (Orc:2)
  7 dire elephants
  6 spark wasps
  The ghost of Apnir the Protected, a journeyman DjCj of Makhleb (D:12)
  Josephine (D:13)
  5 fire dragons
  5 jiangshi
  9 merfolk javelineers
  7 ettins
  10 merfolk impalers
  11 entropy weavers
  4 rakshasas
  6 hydras
  13 yaktaur captains
  A hell beast (Lair:5)
  5 great orbs of eyes
  An ogre mage (D:15)
  3 ice dragons
  8 ironbound frosthearts
  3 jorogumos
  2 vault guards (Vaults:4)
  2 alligator snapping turtles (Shoals:4)
  Fannar (Orc:1)
  6 spriggan air magi
  A peacekeeper (Vaults:4)
  13 centaur warriors
  4 merfolk avatars
  2 radroaches
  A catoblepas (Lair:5)
  15 two-headed ogres
  8 boulder beetles
  7 deep troll shamans
  3 merfolk aquamancers
  2 satyrs
  2 deep troll earth magi
  A two-headed ogre (shapeshifter) (Depths:2)
  4 tengu warriors
  An orc high priest (Bailey)
  2 vampire magi
  The ghost of Heedrag the Destroyer, a novice DsCj of Gozag (D:10)
  A soul eater (Vaults:3)
  4 spriggan berserkers
  A sun demon (Depths:2)
  3 iron trolls
  5 hell knights
  4 skysharks
  A titan skeleton (D:15)
  2 skeletal warriors (D:15)
  2 sun moths
  6 pharaoh ants
  5 sea snakes
  7 glowing orange brains
  5 orb spiders
  A golden dragon zombie (D:15)
  2 flayed ghosts (Depths:2)
  24 deep trolls
  14 wizards
  6 orc knights
  13 ironbound convokers
  8 lindwurms
  25 harpies
  9 orc sorcerers
  4 deep elf pyromancers
  2 oklob plants
  A sphinx zombie (Depths:1)
  4 necromancers
  A steelbarb worm (Spider:1)
  56 ugly things
  32 fauns
  6 cyclopes
  15 manticores
  4 moths of wrath
  23 wolf spiders
  16 merfolk sirens
  9 elephants
  An iron dragon skeleton (D:15)
  8 black mambas
  8 water nymphs
  An ice statue (D:14)
  2 molten gargoyles (Volcano)
  15 demonic crawlers
  16 vault sentinels
  7 torpor snails
  A fire giant skeleton (Depths:1)
  An orange demon (Lair:5)
  3 gargoyles
  10 komodo dragons
  8 cane toads
  3 rime drakes
  2 freezing wraiths (D:9)
  2 unseen horrors (Depths:3)
  An unseen horror zombie (D:9)
  3 kobold demonologists
  3 efreet
  27 yaktaurs
  7 ice devils
  A tengu conjurer (D:14)
  A tormentor (Depths:2)
  3 hellwings
  4 wind drakes
  10 meliai
  8 trolls
  A polar bear (shapeshifter) (D:15)
  3 polar bears
  An ettin zombie (Depths:1)
  21 merfolk
  14 tarantellas
  8 large abominations (Depths:3)
  7 snapping turtles
  A spriggan zombie (Depths:1)
  14 dream sheep
  16 blink frogs
  24 jumping spiders
  57 slime creatures
  A shadow (D:12)
  Sigmund (D:6)
  9 wyverns
  A ynoxinul (Depths:2)
  29 culicivoras
  8 water elementals
  A centaur simulacrum (D:11)
  2 basilisks
  2 fire bats (Volcano)
  2 chaos spawn (Depths:3)
  51 yaks
  6 golden eyes (Slime:2)
  6 wraiths
  6 steam dragons
  77 redbacks
  3 wargs (Orc:2)
  An acid dragon (D:10)
  5 hell hounds (Lair:5)
  4 swamp worms (Lair:1)
  16 water moccasins
  5 ogres
  29 orc warriors
  A sky beast (D:6)
  2 ice beasts (D:7)
  A black bear (D:3)
  5 wolves (Lair:1)
  6 small abominations
  13 centaurs
  4 phantoms
  2 kobold brigands (D:9)
  3 necrophages (D:9)
  A scorpion (D:6)
  3 gnoll sergeants
  9 bullfrogs
  9 wights
  2 jellies (D:7)
  25 killer bees
  6 electric eels
  10 howler monkeys
  A vampire bat (D:11)
  2 centaur zombies (D:9)
  16 orc priests
  5 lava snakes (Volcano)
  4 hounds
  2 human zombies
  2 iguanas
  2 sleepcaps
  40 orc wizards
  Natasha (twice) (D:2)
  3 mummies (D:9)
  17 gnolls
  7 adders
  A shadow imp (D:8)
  8 white imps
  108 orcs
  5 ball pythons
  3 bat skeletons (D:11)
  2 bat zombies (D:11)
  7 endoplasms
  6 giant cockroaches
  13 goblins
  15 hobgoblins
  6 jackals
  14 kobolds
  4 quokkas
  2 bats
  A frilled lizard (D:1)
  4 rats
  4 briar patches (Lair:1)
  A bush (Lair:1)
  A lurking horror (Depths:1)
  8 tentacles (Shoals:3)
1639 creatures vanquished.

Vanquished Creatures (collateral kills)
  An acid blob (Slime:3)
  2 slime creatures (Slime:3)
  2 golden eyes (Slime:3)
5 creatures vanquished.

Vanquished Creatures (others)
  A faun (Shoals:3)
  A water elemental (D:13)
  A redback (Spider:3)
  An electric eel (D:13)
  An orc wizard (D:9)
  An orc (Orc:2)
  A hobgoblin (Bailey)
  A briar patch (Lair:1)
  A bush (D:8)
  26 fungi
  297 plants
  16 tentacles (Shoals:3)
  9 toadstools (Lair:1)
  7 withered plants (D:15)
364 creatures vanquished.

Grand Total: 2008 creatures vanquished

Notes
Turn   | Place    | Note
-------+----------+-------------------------------------------
     0 | D:1      | Bnni the Naga Transmuter began the quest for the Orb.
     0 | D:1      | Reached XP level 1. HP: 18/18 MP: 3/3
   297 | D:1      | Reached XP level 2. HP: 9/25 MP: 3/5
   688 | D:1      | Learned a level 2 spell: Wereblood
  1271 | D:2      | Reached XP level 3. HP: 27/31 MP: 6/6
  1275 | D:2      | Learned a level 3 spell: Spider Form
  1506 | D:2      | Noticed Natasha
  1514 | D:2      | Killed Natasha
  1515 | D:2      | Reached XP level 4. HP: 24/39 MP: 5/7
  1601 | D:2      | Noticed Natasha
  1610 | D:2      | Killed Natasha
  1616 | D:2      | Reached skill level 4 in Unarmed Combat
  1736 | D:2      | You fall into a shaft and drop 1 floor!
  1879 | D:3      | Reached XP level 5. HP: 45/45 MP: 3/8
  1985 | D:3      | Noticed a black bear
  2000 | D:3      | Killed a black bear
  2001 | D:3      | Reached XP level 6. HP: 28/55 MP: 3/10
  2036 | D:3      | Found a white marble altar of Elyvilon.
  2425 | D:3      | Found a hide-covered altar of Uskayaw.
  2636 | D:4      | Found an opulent altar of Gozag.
  2714 | D:4      | Reached skill level 5 in Unarmed Combat
  2852 | D:4      | Found a staircase to the Ecumenical Temple.
  2861 | D:4      | Reached XP level 7. HP: 51/61 MP: 7/11
  2871 | Temple   | Entered the Ecumenical Temple
  3141 | Temple   | Became a worshipper of Cheibriados the Contemplative
  3156 | D:4      | Learned a level 4 spell: Ice Form
  3915 | D:5      | Entered Level 5 of the Dungeon
  3965 | D:5      | Reached skill level 1 in Invocations
  4014 | D:5      | Reached * piety under Cheibriados
  4015 | D:5      | Reached skill level 5 in Transmutations
  4302 | D:5      | Noticed a wyvern
  4322 | D:5      | Killed a wyvern
  4323 | D:5      | Reached skill level 6 in Unarmed Combat
  4323 | D:5      | Reached XP level 8. HP: 43/70 MP: 8/12
  5293 | D:6      | Reached ** piety under Cheibriados
  5294 | D:6      | Reached skill level 7 in Unarmed Combat
  5351 | D:6      | Reached XP level 9. HP: 74/79 MP: 13/13
  5399 | D:6      | Found a hazy altar of Hepliaklqana.
  5488 | D:6      | Noticed Sigmund
  5493 | D:6      | Killed Sigmund
  6032 | D:7      | Noticed a two-headed ogre
  6041 | D:7      | Killed a two-headed ogre
  6042 | D:7      | Reached skill level 5 in Fighting
  6042 | D:7      | Reached skill level 8 in Unarmed Combat
  6649 | D:7      | Reached XP level 10. HP: 90/90 MP: 7/14
  6736 | D:7      | Reached skill level 5 in Invocations
  6957 | D:7      | Reached *** piety under Cheibriados
  7493 | D:8      | Reached skill level 9 in Unarmed Combat
  7519 | D:8      | Identified the +2 robe of Dyilac {rF+}
  7786 | D:8      | Found a flagged portal.
  7813 | D:8      | Reached **** piety under Cheibriados
  7822 | Bailey   | Entered a bailey
  7993 | Bailey   | Noticed an orc knight
  8006 | Bailey   | Killed an orc knight
  8078 | Bailey   | Noticed an orc high priest
  8086 | Bailey   | Killed an orc high priest
  8087 | Bailey   | Reached skill level 10 in Unarmed Combat
  8087 | Bailey   | Reached XP level 11. HP: 75/99 MP: 12/15
  8328 | Bailey   | Acquired the ring "Jynn" {Will- EV+5 Str+2 SInv}
  8405 | Bailey   | Found an iron altar of Okawaru.
  8441 | Bailey   | Noticed an orc knight
  8446 | Bailey   | Killed an orc knight
  8447 | Bailey   | Reached skill level 10 in Transmutations
  8486 | Bailey   | Identified the +4 rapier of the Fulmar {flame, Fly rElec
                  | rCorr Dex-5}
  8610 | Bailey   | Identified the +5 ring mail "Vaikkan" {Will- rCorr Str-2
                  | Int+6}
  8909 | D:8      | Found an ornate altar of the Wu Jian Council.
  9104 | D:8      | Found a staircase to the Lair.
  9286 | D:9      | Reached ***** piety under Cheibriados
  9288 | D:9      | Reached skill level 11 in Unarmed Combat
  9577 | D:9      | Found a broken altar of Ashenzari.
  9590 | D:9      | Learned a level 3 spell: Vhi's Electric Charge
  9668 | D:9      | Noticed a two-headed ogre
  9681 | D:9      | Killed a two-headed ogre
  9867 | D:9      | Found John Lambton's Dragon-Slaying Spoils.
  9940 | D:9      | Reached skill level 1 in Air Magic
 10126 | D:9      | Noticed a two-headed ogre
 10131 | D:9      | Killed a two-headed ogre
 10284 | D:9      | Reached XP level 12. HP: 85/110 MP: 10/17
 10411 | D:9      | Found the +8 frozen axe "Frostbite" {freeze, freezing
                  | cloud, *Noise Fly rC+}
 10591 | D:9      | Found a basalt altar of Yredelemnul.
 10680 | D:10     | Entered Level 10 of the Dungeon
 10680 | D:10     | Found a transporter.
 10714 | D:10     | Reached skill level 12 in Unarmed Combat
 10822 | D:10     | Found a transporter.
 10871 | D:10     | Found a transporter.
 11216 | D:10     | Noticed Heedrag's ghost (novice DsCj)
 11217 | D:10     | Found a one-way gate to the infinite horrors of the Abyss.
 11253 | D:10     | Found a burning altar of Makhleb.
 11277 | D:10     | Found a transporter.
 11293 | D:10     | Found a transporter.
 11766 | D:10     | Reached skill level 1 in Translocations
 11826 | D:10     | Found a transporter.
 12226 | D:11     | Noticed a centaur warrior
 12268 | D:11     | Killed a centaur warrior
 12333 | D:11     | Noticed a two-headed ogre
 12339 | D:11     | Killed a two-headed ogre
 12433 | D:11     | Learned a level 5 spell: Irradiate
 12712 | D:11     | Found an ancient bone altar of Kikubaaqudgha.
 12912 | D:12     | Noticed a centaur warrior
 12918 | D:12     | Killed a centaur warrior
 12973 | D:12     | Noticed a two-headed ogre
 12975 | D:12     | Killed a two-headed ogre
 13227 | D:12     | Identified the +4 dire flail of Hotef {freeze, rElec Will+}
 13227 | D:12     | Noticed a two-headed ogre
 13229 | D:12     | Found a transporter.
 13229 | D:12     | Noticed Apnir's ghost (journeyman DjCj)
 13230 | D:12     | Noticed a two-headed ogre
 13230 | D:12     | Noticed a two-headed ogre
 13231 | D:12     | Noticed a two-headed ogre
 13489 | D:12     | Found a staircase to the Orcish Mines.
 13533 | D:12     | Noticed a two-headed ogre
 13535 | D:12     | Killed a two-headed ogre
 13717 | D:12     | Found a transporter.
 13720 | D:12     | Killed a two-headed ogre
 13721 | D:12     | Gained mutation: You can use your snake-like lower body to
                  | constrict enemies. [Naga growth]
 13721 | D:12     | Reached XP level 13. HP: 118/118 MP: 10/19
 13730 | D:12     | Killed Apnir's ghost
 13731 | D:12     | Reached skill level 13 in Unarmed Combat
 13965 | D:13     | Reached ****** piety under Cheibriados
 13980 | D:13     | Noticed Rupert
 13982 | D:13     | Paralysed by Rupert for 4 turns
 13988 | D:13     | Noticed Frances
 13988 | D:13     | Killed Rupert
 13992 | D:13     | Killed Frances
 14447 | D:13     | Noticed Josephine
 14453 | D:13     | Reached skill level 5 in Spellcasting
 14453 | D:13     | Reached skill level 5 in Air Magic
 14453 | D:13     | Killed Josephine
 15814 | D:14     | Found a gate to the Vaults.
 15819 | D:14     | Reached skill level 10 in Invocations
 15993 | D:14     | Reached XP level 14. HP: 129/129 MP: 12/22
 16158 | D:14     | Reached skill level 5 in Translocations
 16378 | D:14     | Reached skill level 14 in Unarmed Combat
 16927 | D:10     | Killed Heedrag's ghost
 17031 | D:10     | Learned a level 4 spell: Manifold Assault
 17080 | Lair:1   | Entered Level 1 of the Lair of Beasts
 17141 | Lair:1   | Acquired 1127 gold pieces
 17278 | Lair:1   | Reached skill level 10 in Fighting
 17451 | Lair:1   | Found a transporter.
 17559 | Lair:1   | Found a blossoming altar of Fedhas.
 17823 | Lair:1   | Found a transporter.
 18233 | Lair:1   | Identified the +0 hat of Ocaip {Slay+3}
 18236 | Lair:1   | Identified the amulet of Existentialism {Reflect Contam
                  | Rampage Will++ Int-4 SH+5}
 19612 | Lair:3   | Found a dark tunnel.
 19619 | Volcano  | Entered a volcano
 20003 | Volcano  | Found a radiant altar of Vehumet.
 20753 | Lair:3   | Found a hole to the Spider Nest.
 21098 | Lair:3   | Found a staircase to the Shoals.
 21602 | Lair:4   | Reached skill level 15 in Unarmed Combat
 22436 | Lair:4   | Found a runed translucent door.
 22468 | Lair:4   | Reached XP level 15. HP: 124/140 MP: 22/25
 22899 | Lair:4   | Noticed Buttudaq's ghost (journeyman DgTm)
 22912 | Lair:4   | Killed Buttudaq's ghost
 22964 | Lair:5   | Entered Level 5 of the Lair of Beasts
 22972 | Lair:5   | Identified the +1 scale mail "Hero's Friend" {rPois rCorr
                  | Slay-2 Stlth+}
 23783 | Lair:5   | Found a burning altar of Makhleb.
 23978 | Lair:5   | Found a gateway to Hell.
 24107 | Lair:5   | Reached skill level 16 in Unarmed Combat
 24212 | Lair:5   | Found a hazy altar of Hepliaklqana.
 24375 | Lair:5   | Found a viscous altar of Jiyva.
 24376 | Lair:5   | Found a staircase to the Slime Pits.
 25184 | Orc:1    | Entered Level 1 of the Orcish Mines
 25199 | Orc:1    | Found Hehuel's Magic Scroll Boutique.
 25401 | Orc:1    | Noticed Fannar
 25414 | Orc:1    | Killed Fannar
 25933 | Orc:2    | Entered Level 2 of the Orcish Mines
 25942 | Orc:2    | Noticed Nessos
 25946 | Orc:2    | Killed Nessos
 25978 | Orc:2    | Found a staircase to the Elven Halls.
 26216 | Orc:2    | HP: 6/170 [orc warrior/+0 mace (13)]
 26222 | Orc:2    | HP: 3/170 [orc knight/+3 great sword of holy wrath (24)]
 26604 | Orc:2    | Reached XP level 16. HP: 151/151 MP: 23/28
 27072 | Orc:2    | Found Womem's Weapon Emporium.
 27072 | Orc:2    | Found Ockenop's Jewellery Shop.
 27087 | Orc:2    | Bought the ring of Vialex {rPois rF+ rC+ rN+ Int+4} for 892
                  | gold pieces
 27113 | Orc:2    | Found Nietara's Distillery.
 27113 | Orc:2    | Found Xerhuohi's Jewellery Shop.
 27122 | Orc:2    | Bought a potion of might for 60 gold pieces
 27122 | Orc:2    | Bought a potion of curing for 45 gold pieces
 27567 | Spider:1 | Entered Level 1 of the Spider Nest
 27574 | Spider:1 | Reached skill level 5 in Dodging
 27588 | Spider:1 | Reached skill level 1 in Shields
 28890 | Spider:1 | You fall into a shaft and drop 1 floor!
 28890 | Spider:2 | Noticed Louise
 28901 | Spider:2 | Killed Louise
 28987 | Spider:2 | Noticed Arachne
 28996 | Spider:2 | Killed Arachne
 28997 | Spider:2 | Reached skill level 17 in Unarmed Combat
 29729 | Spider:2 | Identified the +12 short sword "Radan" {freeze, SInv}
 30562 | Spider:2 | Identified the +6 chain mail "Zepuowk" {rElec rC++ Str+3
                  | Int-2}
 31380 | Spider:3 | Reached XP level 17. HP: 144/162 MP: 23/29
 31594 | Spider:3 | Learned a level 2 spell: Lesser Beckoning
 31597 | Spider:3 | Learned a level 1 spell: Apportation
 32285 | Spider:3 | Reached skill level 18 in Unarmed Combat
 32319 | Spider:3 | Noticed Aizul
 32324 | Spider:3 | Killed Aizul
 32669 | Spider:4 | Entered Level 4 of the Spider Nest
 32699 | Spider:4 | Noticed Mlioglotl
 32705 | Spider:4 | Noticed Mara
 32708 | Spider:4 | Killed Mlioglotl
 32711 | Spider:4 | Noticed Bnni's illusion
 32716 | Spider:4 | Killed Mara
 33888 | Spider:4 | Got a gossamer rune of Zot
 34216 | Shoals:1 | Entered Level 1 of the Shoals
 34216 | Shoals:1 | Found Deok's Assorted Antiques.
 34264 | Shoals:1 | Bought a smoky red potion for 35 gold pieces
 34264 | Shoals:1 | Bought a scroll of acquirement for 2028 gold pieces
 34265 | Shoals:1 | Acquired the amulet "Vozou" {+Inv Regen+ Int+3 Slay+2}
 34283 | Shoals:1 | Identified the +1 ring mail "Namipoz" {MP-9 Int+6}
 34620 | Shoals:1 | Reached XP level 18. HP: 172/172 MP: 16/30
 35050 | Shoals:2 | Reached skill level 19 in Unarmed Combat
 37328 | Shoals:3 | Learned a level 6 spell: Statue Form
 37349 | Shoals:4 | Entered Level 4 of the Shoals
 37648 | Shoals:4 | Reached skill level 20 in Unarmed Combat
 37836 | Shoals:4 | Got a barnacled rune of Zot
 37894 | Shoals:4 | Reached XP level 19. HP: 183/183 MP: 28/31
 37927 | Shoals:4 | Identified the +1 chain mail of the Eternal Fruit {rElec}
 38366 | Shoals:4 | Noticed Ilsuiw
 38382 | Shoals:4 | Found Suaruhij's CLEARANCE SALE!.
 38565 | Shoals:4 | Killed Ilsuiw
 38566 | Shoals:4 | Reached skill level 1 in Stealth
 38794 | Shoals:4 | Reached skill level 15 in Transmutations
 39148 | Vaults:1 | Entered Level 1 of the Vaults
 39618 | Vaults:1 | Gained mutation: You sometimes lose your temper in combat.
                  | [mutagenic glow]
 39913 | Vaults:1 | Identified the +10 war axe of Sharkskin {flame, Str+3}
 39979 | Vaults:1 | Reached skill level 5 in Stealth
 40242 | Vaults:1 | Identified the +1 cloak of Optimism {*Slow Will++ Str+2
                  | Slay+3}
 40768 | Vaults:2 | Lost mutation: You sometimes lose your temper in combat.
                  | [potion of mutation]
 40768 | Vaults:2 | Gained mutation: Your mind is acute. (Int +4, Str/Dex -1)
                  | [potion of mutation]
 40768 | Vaults:2 | Gained mutation: Your body sometimes deteriorates upon
                  | taking damage. [potion of mutation]
 40768 | Vaults:2 | Gained mutation: You possess an exceptional clarity of
                  | mind. [potion of mutation]
 40769 | Vaults:2 | Lost mutation: Your body sometimes deteriorates upon taking
                  | damage. [potion of mutation]
 40769 | Vaults:2 | Lost mutation: You possess an exceptional clarity of mind.
                  | [potion of mutation]
 40769 | Vaults:2 | Lost mutation: Your mind is acute. (Int +4, Str/Dex -1)
                  | [potion of mutation]
 40769 | Vaults:2 | Gained mutation: Your tail ends in a venomous barb. [potion
                  | of mutation]
 40769 | Vaults:2 | Gained mutation: You have a pair of small horns on your
                  | head. [potion of mutation]
 40946 | Vaults:2 | Reached skill level 15 in Fighting
 41079 | Vaults:2 | You fall into a shaft and drop 1 floor!
 41508 | Vaults:3 | Reached skill level 21 in Unarmed Combat
 41538 | Vaults:3 | Found a staircase to the Crypt.
 41659 | Vaults:3 | Reached XP level 20. HP: 177/194 MP: 24/32
 41962 | Vaults:3 | Reached skill level 10 in Dodging
 42200 | Vaults:3 | Found Xucw's Antique Weapon Emporium.
 42205 | Vaults:3 | Found Sopa's Magic Scroll Boutique.
 42214 | Vaults:3 | Bought a scroll of magic mapping for 135 gold pieces
 42446 | Vaults:3 | Found Kixo Kui's Jewellery Shoppe.
 42452 | Vaults:3 | Bought a ring of the Octopus King {HP+2 MP+9 AC+2 EV+2
                  | SH+2} for 564 gold pieces
 42452 | Vaults:3 | Found the ring of the Octopus King {HP+2 MP+9 AC+2 EV+2
                  | SH+2}
 42515 | Vaults:3 | Found the brooch of Shielding {Spirit SH+8}
 43821 | Vaults:4 | Reached skill level 10 in Stealth
 44831 | Slime:1  | Entered Level 1 of the Pits of Slime
 44845 | Slime:1  | Reached skill level 1 in Armour
 44845 | Slime:1  | Reached skill level 22 in Unarmed Combat
 44859 | Slime:1  | Reached XP level 21. HP: 202/204 MP: 26/33
 45598 | Slime:3  | HP: 9/206 [acid (4)]
 46216 | D:15     | Entered Level 15 of the Dungeon
 46380 | D:15     | Found a staircase to the Depths.
 46412 | D:15     | Noticed Agnes
 46414 | D:15     | Killed Agnes
 46459 | D:15     | Noticed Roxanne
 46486 | D:15     | Learned a level 5 spell: Blade Hands
 46710 | D:15     | Found a stormy altar of Qazlal.
 47209 | D:15     | Killed Roxanne
 47421 | Depths:1 | Entered Level 1 of the Depths
 47459 | Depths:1 | Found Vepp's General Store.
 47462 | Depths:1 | Found Wukigudo's Antique Armour Emporium.
 47463 | Depths:1 | Found Ofujocw's General Store.
 47513 | Depths:1 | Bought a potion of might for 64 gold pieces
 47922 | Depths:1 | Found a corrupted altar of Lugonu.
 48501 | Depths:1 | Acquired 1178 gold pieces
 48751 | Depths:2 | Reached skill level 23 in Unarmed Combat
 48790 | Depths:2 | Found a one-way gateway to a ziggurat.
 49036 | Depths:2 | Noticed Vv
 49045 | Depths:2 | Killed Vv
 49046 | Depths:2 | Reached XP level 22. HP: 216/216 MP: 21/34
 49116 | Depths:2 | Noticed an ancient lich
 49122 | Depths:2 | Killed an ancient lich
 49597 | Depths:2 | Identified the +0 sling of Latianu {heavy, rPois Str+7
                  | Int-3}
 49965 | Depths:2 | Found a one-way gate leading to the halls of Pandemonium.
 51590 | Depths:4 | Entered Level 4 of the Depths
 51616 | Depths:4 | Noticed Grunn
 51624 | Depths:4 | Demolished by Grunn

Illustrated notes

Levels and vault maps discovered:
D:1:      minmay_arrival_shattered_statue, layout_basic
D:2:      layout_loops_ring, uniq_natasha
D:3:      layout_loops_cross, chequers_temple_overflow_statue_of_worship
D:4:      wander_river, layout_loops_ring, nicolae_gozag_seed_capital,
          temple_green, nicolae_zen_rock_garden, minmay_surrounded
D:5:      layout_gridville
D:6:      layout_gridville, nicolae_hepliaklqana_hazy_memory, uniq_sigmund
D:7:      layout_gridville, serial_glass, glass_columns_a, glass_columns_a,
          kennysheep_generic_room_7
D:8:      layout_basic, nzn_wu_jian_contemplation, minmay_lair_entry_grove,
          enter_bailey_5
D:9:      layout_basic, lemuel_mausoleum_altar_yredelemnul, lemuel_tele_altar,
          nicolae_shop_dragon_depot, hellmonk_guarded_unrand_frostbite
D:10:     layout_layer_cave, lightli_temple_of_fire,
          gammafunk_ghost_abyssal_escape, nicolae_transporter_circle
D:11:     layout_rooms, kennysheep_vampire_church
D:12:     layout_rooms, hiddenorc1_lemuel, gammafunk_ghost_smash
D:13:     layout_basic, hangedman_fish_farm, uniq_josephine, uniq_rupert,
          uniq_frances
D:14:     layout_grid_maze, david_vaults_1, portal_ice_cave_entry_ice_statue_one
D:15:     gammafunk_depths_entry_grave, layout_loops_cross,
          nicolae_qazlal_eye_of_the_storm, grunt_ministairs_1, uniq_agnes,
          uniq_roxanne
Temple:   minmay_temple_curvy_branch
Lair:1:   gammafunk_worm_tunnel, layout_chaotic_city, tgw_fedhas,
          grunt_megastairs_1
Lair:2:   layout_hall_layers, st_stairs_3
Lair:3:   layout_regular_city, elwin_shoals_entry_rooms,
          hellmonk_spider_entry_life_and_decay, enter_volcano_2
Lair:4:   layout_cave_pods, ebering_ghost_reflecting_pool, serial_bayou_shore_a
Lair:5:   evil_forest, layout_cave_pods, dpeg_slime_entry_enclosed,
          lemuel_centaur_altar, lemuel_fruit_tree
Shoals:1: layout_shoals, serial_shops, nicolae_shop_trees
Shoals:2: layout_shoals, nicolae_shoals_shepherds
Shoals:3: layout_shoals
Shoals:4: shoals_end_grunt_garden, layout_shoals, shoal_ilsuiw,
          nicolae_shop_clearance
Spider:1: layout_spider_delve, nicolae_spider_bug_shape
Spider:2: layout_spider_delve, drop_trap, nicolae_crawler_farm, uniq_louise,
          uniq_arachne
Spider:3: nicolae_spider_broodchamber, uniq_aizul
Spider:4: grunt_spider_rune_parallel, uniq_mlioglotl, uniq_mara
Slime:1:  layout_caves
Slime:2:  layout_caves
Slime:3:  layout_caves
Orc:1:    layout_caves, serial_shops, nicolae_shop_hallway_plus,
          nicolae_orc_pool_cavern, uniq_fannar
Orc:2:    st_orc_town, layout_caves, mines2_david, uniq_nessos
Vaults:1: nicolae_vaults_little_squares_1, nicolae_vaults_network_square,
          nicolae_vaults_what_the_h, special_room_vaults [special_room_orc],
          grunt_vaults_diagonal, nicolae_vaults_alarming,
          vaults_standard_mumra_lines, v_pattern_5, v_alt_pattern_2,
          nicolae_vaults_theta, ontoclasm_vaults_idyll, nicolae_vaults_theta,
          nicolae_vaults_little_squares_5, layout_vaults_omnibox
Vaults:2: hangedman_vaults_slither, nicolae_vaults_little_squares_2,
          vaults_dpeg_encased_lava, nicolae_vaults_three_branches,
          v_alt_pattern_1, nicolae_vaults_network_s, v_misc_29,
          nicolae_vaults_puzzle_piece, nicolae_vaults_ninety_degrees,
          nicolae_vaults_theta, layout_vaults_omnicross, serial_shops, shop
Vaults:3: dpeg_vaults_hating_casters, ontoclasm_vaults_bender,
          vaults_room_octagon, minmay_crypt_entry_simple_round,
          vaults_room_semicircle, v_misc_30, nicolae_vaults_yaktaur_gun_rack,
          vaults_dpeg_ring, layout_vaults_omnigrid, serial_shops,
          nicolae_shop_crystal, shop, shop_fountains
Vaults:4: hangedman_vaults_nodes, grunt_vaults_bifocal,
          nicolae_vaults_minivaults, v_misc_32, nicolae_vaults_shelves_hall,
          vaults_room_fancy_cross, dpeg_vaults_monster_row, v_misc_19,
          vaults_room_corners, layout_vaults_ring
Depths:1: layout_gridlike, nicolae_abyss_entry_one_way_or_another,
          hangedman_decor_riveting, hell_entry,
          amcnicky_altar_lugonu_corruption, grunt_megastairs_5, minmay_shop_star
Depths:2: minmay_the_grid_4x2 [minmay_the_grid_minigrid_small,
          minmay_the_grid_airy, minmay_the_grid_all_tris,
          minmay_the_grid_square_x, minmay_the_grid_tree, minmay_the_grid_x,
          minmay_the_grid_tri_star, minmay_the_grid_prize_shrinking_boxes],
          layout_gridlike, enter_ziggurat_d, rand_demon_pan_entry_3, hell_entry,
          uniq_vv
Depths:3: cheibrodos_quadrivalence, layout_basic, minmay_room_of_horrors,
          nicolae_eternal_life, hangedman_coc_ice_floe, grunt_decor_fettered
Depths:4: grunt_zot_entry_bicorn, layout_cave_pools,
          abyss_entry_small_statue_room, hell_entry,
          serial_sigils_hangedman_snap, uniq_grunn

Skill      XL: |  1  2  3  4  5  6  7  8  9 10 11 12 13 14 15 16 17 18 19 20 21 22 |
---------------+-------------------------------------------------------------------+-----
Transmutations | 3 4 5 6 8 9 10 11 12 13 14 15 16 17 | 17.6
Unarmed Combat | 4 5 6 7 8 10 11 12 13 15 16 17 18 20 21 22 23 | 23.9
Fighting       | 2 3 4 5 6 7 8 9 10 11 12 13 14 15 16 17 | 17.2
Spellcasting   | 3 4 5 7 8 |  8.7
Invocations    | 2 3 4 6 7 9 10 11 12 13 | 13.0
Air Magic      | 1 4 5 |  5.0
Translocations | 3 4 5 |  5.0
Dodging        | 3 4 6 7 9 10 11 12 | 12.7
Shields        | 2 |  2.0
Stealth        | 6 10 | 10.0
Armour         | 1 2 |  2.0

Action                     |  1- 3 |  4- 6 |  7- 9 | 10-12 | 13-15 | 16-18 | 19-21 | 22-24 || total
---------------------------+-------+-------+-------+-------+-------+-------+-------+-------++-------
  Melee: Unarmed           |    95 |   116 |   254 |   424 |   707 |   762 |   880 |   250 ||  3488
         Headbutt          |     9 |     7 |     6 |       |       |       |   201 |    89 ||   312
         Punch             |       |     2 |     8 |     2 |     5 |       |     2 |       ||    19
         Staff             |       |       |       |    14 |    27 |    17 |       |       ||    58
         Constrict         |       |       |       |       |    11 |    23 |   182 |    59 ||   275
  Throw: Dart              |       |       |       |       |     1 |       |       |       ||     1
         Throwing net      |       |       |       |       |     1 |       |       |       ||     1
   Cast: Beastly Appendage |     9 |     5 |     6 |       |       |       |       |       ||    20
         Wereblood         |     1 |     5 |     9 |    16 |    16 |     8 |     2 |     1 ||    58
         Spider Form       |       |     4 |     8 |       |       |       |       |       ||    12
         Ice Form          |       |       |     4 |    49 |    81 |    65 |    12 |       ||   211
         Vhi's Electric Ch |       |       |       |    18 |   113 |   110 |    95 |    21 ||   357
         Manifold Assault  |       |       |       |       |     1 |     5 |    12 |     2 ||    20
         Irradiate         |       |       |       |       |     2 |     1 |       |     3 ||     6
         Lesser Beckoning  |       |       |       |       |       |    51 |    32 |     8 ||    91
         Statue Form       |       |       |       |       |       |     4 |    50 |    11 ||    65
         Blade Hands       |       |       |       |       |       |       |     5 |     1 ||     6
 Invoke: Bend Time         |       |       |     1 |       |       |     1 |       |     1 ||     3
         Temporal Distorti |       |       |       |     3 |    12 |     1 |       |       ||    16
         Slouch            |       |       |       |     2 |    10 |    29 |     3 |     2 ||    46
         Step From Time    |       |       |       |       |     2 |       |     1 |       ||     3
Ability: Spit Poison       |     6 |     9 |    19 |     8 |     1 |    10 |       |       ||    53
         End Transformatio |       |       |       |     5 |     7 |     1 |       |       ||    13
  Evoke: Wand              |       |       |       |     4 |     2 |       |     1 |       ||     7
    Use: Scroll            |       |       |    10 |    10 |     9 |     6 |     5 |     1 ||    41
         Potion            |       |       |       |       |     9 |     7 |     6 |       ||    22
   Stab: Sleeping          |     1 |       |       |     7 |     1 |       |     1 |     1 ||    11
         Invisible         |       |       |       |       |     4 |       |       |       ||     4
         Held in net/web   |       |       |       |       |     1 |       |       |       ||     1
         Distracted        |       |       |       |       |       |     2 |     2 |       ||     4
         Fleeing           |       |       |       |       |       |     1 |       |       ||     1
 Armour: Robe              |     9 |    18 |    36 |     3 |       |       |       |       ||    66
         Skin              |       |     1 |    12 |   198 |   345 |   386 |   361 |   103 ||  1406
         Steam dragon scal |       |       |    22 |     3 |       |       |       |       ||    25
         Ring mail         |       |       |       |    17 |    16 |     9 |    59 |    29 ||   130
  Dodge: Dodged            |    61 |    83 |   171 |   386 |   381 |   600 |   719 |   237 ||  2638
         Repelled          |       |       |       |       |     1 |       |       |       ||     1
  Block: Other             |       |       |       |       |   166 |    96 |    13 |     1 ||   276
         Reflection        |       |       |       |       |     8 |       |       |       ||     8
         Buckler           |       |       |       |       |       |    31 |   493 |   218 ||   742

Table legend: (Time is in decaauts)
 A = Elapsed time spent in this place.
 B = Non-inter-level travel time spent in this place.
 C = Inter-level travel time spent in this place.
 D = Time resting spent in this place.
 E = Time spent auto-exploring this place.
 F = Levels seen in this place.
 G = Mean time per level.
                   A        B        C        D        E       F      G
               +--------+--------+--------+--------+--------+-----+--------+
         Total |  89534 |  82078 |   7456 |   5525 |  65631 |  44 | 2034.9 |
       Dungeon |  29366 |  25774 |   3592 |   1065 |  21423 |  15 | 1957.7 |
        Temple |    377 |    365 |     12 |      0 |    354 |   1 |  377.0 |
          Lair |  13553 |  11848 |   1705 |     11 |  10625 |   5 | 2710.6 |
        Shoals |   7636 |   7239 |    397 |    436 |   5683 |   4 | 1909.0 |
   Spider Nest |  10341 |   9997 |    344 |   1484 |   7528 |   4 | 2585.2 |
    Slime Pits |   1270 |   1191 |     79 |    983 |      0 |   3 |  423.3 |
  Orcish Mines |   3891 |   3596 |    295 |    253 |   2905 |   2 | 1945.5 |
        Vaults |  11241 |  10626 |    615 |    428 |   9043 |   4 | 2810.2 |
        Depths |   8781 |   8368 |    413 |      0 |   7404 |   4 | 2195.2 |
        Bailey |   1474 |   1474 |      0 |    458 |    483 |   1 | 1474.0 |
       Volcano |   1599 |   1599 |      0 |    406 |    178 |   1 | 1599.0 |
               +--------+--------+--------+--------+--------+-----+--------+

Top non-repeatable levels by time:
Vaults:3: 3642 daAuts
  Lair:5: 3607 daAuts
Vaults:4: 3397 daAuts
Vaults:1: 3298 daAuts
    D:13: 3281 daAuts
    D:10: 3233 daAuts
Depths:2: 3113 daAuts
Spider:1: 3031 daAuts
Depths:3: 3000 daAuts
    D:14: 2990 daAuts
  Lair:1: 2925 daAuts
Spider:2: 2753 daAuts
  Lair:3: 2647 daAuts
Depths:1: 2621 daAuts
   Orc:2: 2476 daAuts
